Map: 16-Bit LE

Players

SheepHappens - Winner!

  • Race: Terran Terran
  • Spawn Location: 7:00

Jebedoh

  • Race: Zerg Zerg
  • League: Diamond
  • Spawn Location: 1:00

VOD

Have the link to the VOD?

Description

I feel my macro was decent up to a point and I slowly choked out.

Time

  • Played on: May 22, 2018, 11:26 p.m.
  • Length: 15:41
Show
View Real Time Build Order
Export as new Build Order

SheepHappens Terran - Winner!

Build Orders: Reaper Expand, MMM Bio 

Get SALT Encoding   

  12  0:01  SCV  
  13  0:13  SCV  
  14  0:18  Supply Depot  
  14  0:25  SCV  
  15  0:39  SCV  
  15  0:41  Barracks  
  16  0:45  Refinery  
  16  0:52  SCV  
  17  1:04  SCV  
  18  1:16  SCV  
  19  1:28  Reaper  
  19  1:29  Orbital Command  
  20  1:45  Command Center  
  20  1:57  Barracks  
  20  2:01  Barracks Reactor  
  20  2:05  SCV  
  21  2:14  Supply Depot  
  21  2:17  SCV  
  22  2:24  Factory  
  22  2:29  SCV  
  23  2:42  SCV  
  24  2:54  SCV  
  24  2:56  Marine x2, Barracks Tech Lab  
  27  3:03  Refinery  
  28  3:06  Orbital Command  
  28  3:10  Bunker  
  28  3:12  Factory Reactor  
  27  3:14  Marine x2  
  29  3:20  Marine  
  29  3:24  SCV  
  31  3:29  Starport  
  31  3:32  Marine, SCV  
  33  3:36  SCV  
  33  3:44  Marine x2  
  33  3:45  Supply Depot  
  33  3:46  Stimpack  
  33  3:48  SCV x2  
  37  4:01  Marine  
  37  4:02  Marine  
  39  4:06  Factory Tech Lab  
  39  4:07  SCV x2  
  41  4:10  Supply Depot  
  41  4:19  SCV  
  41  4:22  Refinery, SCV  
  41  4:23  Marine  
  41  4:24  Refinery, Marine  
  44  4:25  Engineering Bay  
  44  4:29  Medivac  
  44  4:31  SCV  
  48  4:32  Medivac  
  48  4:34  SCV  
  51  4:40  Supply Depot  
  51  4:43  SCV  
  52  4:46  Marine  
  52  4:47  Marine x2, SCV  
  52  4:51  Siege Tank  
  59  5:12  Terran Infantry Armor Level 1  
  59  5:15  SCV x2  
  59  5:16  Engineering Bay, Marine x3  
  64  5:27  SCV  
  64  5:28  SCV  
  66  5:29  Siege Tank  
  66  5:34  Marine  
  70  5:50  Terran Infantry Weapons Level 1, Command Center  
  70  6:03  Marine x2, SCV  
  70  6:05  Medivac x2  
  70  6:10  Marine  
  68  6:21  Marine x2  
  68  6:23  Supply Depot  
  70  6:26  Combat Shields  
  70  6:44  Marine x3  
  70  6:45  SCV, Siege Tank  
  73  7:02  Marine x3, Viking  
  73  7:03  Viking  
  73  7:04  Orbital Command  
  73  7:06  SCV  
  81  7:12  SCV  
  82  7:18  Missile Turret  
  82  7:19  SCV  
  82  7:20  Marine  
  82  7:21  Armory  
  79  7:34  Marine x2  
  81  7:38  Marine  
  81  7:43  Medivac x2, Siege Tank  
  90  7:44  SCV x2  
  90  7:47  SCV  
  90  7:50  Refinery x2  
  90  7:51  Marine, Missile Turret  
  92  7:56  Marine x2  
  92  7:57  SCV  
  93  8:20  Supply Depot  
  93  8:21  Supply Depot x2  
  93  8:24  Terran Infantry Weapons Level 2  
  93  8:25  Terran Infantry Armor Level 2  
  93  8:39  Barracks, Command Center  
  93  8:41  Barracks, Medivac, SCV x3, Siege Tank  
  101  8:53  SCV x3  
  104  8:57  Marine  
  104  8:58  Liberator x2, Marine x2  
  107  9:05  SCV x3  
  110  9:14  Ghost Academy  
  110  9:15  Marine  
  117  9:19  Marine x2  
  117  9:20  SCV x3  
  115  9:30  Marine x2  
  117  9:34  SCV  
  117  9:35  SCV  
  117  9:36  Marine  
  117  9:37  Siege Tank  
  117  9:38  Marine  
  117  9:40  Marine  
  116  9:48  Marine  
  116  9:50  Marine  
  118  9:53  Marine  
  118  9:54  SCV x2  
  118  9:55  Marine, Terran Vehicle Weapons Level 1  
  118  9:58  Marine  
  123  10:01  SCV  
  123  10:06  SCV  
  126  10:07  Factory  
  126  10:09  Siege Tank, Barracks Tech Lab  
  126  10:10  Factory, Barracks Tech Lab  
  126  10:11  Marine, Personal Cloaking  
  126  10:13  Marine  
  130  10:16  Supply Depot x2, Marine  
  121  10:29  Marine  
  121  10:31  Marine  
  121  10:32  Concussive Shells  
  121  10:34  Marauder x2, Marine  
  128  10:47  Marine  
  128  10:49  Marine  
  130  10:52  Marauder  
  130  10:55  Marauder  
  130  10:56  Marauder  
  136  11:05  Marine  
  136  11:07  Marine  
  136  11:13  Marine  
  136  11:16  Marine  
  136  11:17  Marine  
  118  11:23  Medivac, Marine, Siege Tank  
  118  11:24  Medivac, Marine  
  123  11:31  Marine  
  124  11:34  Marine  
  125  11:42  Marine x3  
  125  11:45  Terran Infantry Weapons Level 3  
  125  11:47  Terran Infantry Armor Level 3  
  125  11:49  Marine  
  125  11:51  Marine  
  113  11:59  Marine  
  114  12:04  Marine x2  
  114  12:05  Liberator x2  
  114  12:06  Marine  
  114  12:07  Factory Tech Lab x2  
  107  12:09  Marine  
  107  12:11  Siege Tank  
  111  12:17  Planetary Fortress  
  111  12:18  SCV x3  
  111  12:20  Marine  
  111  12:22  Marine  
  124  12:23  Marauder  
  124  12:25  Marauder  
  124  12:28  Marauder  
  128  12:30  SCV x2  
  128  12:34  SCV  
  131  12:37  Marine  
  131  12:40  Marine  
  131  12:42  Refinery, SCV  
  136  12:44  Marauder, Command Center  
  136  12:46  Marauder, Siege Tank  
  136  12:47  Supply Depot, Thor  
  136  12:48  Marine, Supply Depot  
  136  12:49  Refinery  
  148  12:52  Supply Depot  
  148  12:53  Supply Depot  
  148  12:57  Marine  
  148  12:59  Marine  
  148  13:01  Thor  
  148  13:04  Liberator x2  
  131  13:05  Marauder  
  131  13:07  Marauder, Marine  
  126  13:15  Marine, SCV x4  
  126  13:16  Marine  
  126  13:17  Thor  
  138  13:25  Marine  
  138  13:26  Marine  
  146  13:28  Marine  
  146  13:29  Thor  
  146  13:33  Marine  
  154  13:34  Marine  
  154  13:35  Missile Turret  
  155  13:43  Marine  
  155  13:45  Ghost  
  159  13:49  Thor  
  159  13:51  Marine  
  159  13:52  Marine  
  166  14:00  Thor, Ghost  
  171  14:09  Marine, Barracks Tech Lab  
  172  14:10  Marine  
  172  14:12  Thor  
  172  14:14  Marine  
  180  14:27  Marine  
  180  14:28  Marine x2  
  180  14:29  Marine  
  181  14:32  Command Center, Medivac x2, Thor, Marine  
  181  14:33  SCV  
  181  14:34  SCV x2  
  195  14:45  Marine  
  195  14:46  Marine  
  195  14:48  Marauder, Ghost  
  195  14:50  Marauder  
  184  14:55  Thor  
  182  15:02  Medivac  
  182  15:03  Marine  
  182  15:04  Marine  
  171  15:09  Marauder  
  171  15:12  Marauder  
  175  15:14  SCV x2  
  175  15:15  SCV  
  175  15:17  Marauder  
  175  15:21  Marine  
  187  15:22  Marine  
Show
View Real Time Build Order
Export as new Build Order

Jebedoh Zerg 

Build Orders: Hatch First 

Get SALT Encoding   

  12  0:01  Drone  
  13  0:12  Overlord  
  13  0:18  Drone  
  14  0:31  Drone x2  
  14  0:34  Drone  
  17  0:55  Hatchery  
  16  1:00  Drone  
  16  1:01  Drone  
  18  1:13  Extractor  
  18  1:16  Spawning Pool  
  16  1:24  Drone x2  
  18  1:28  Drone  
  19  1:39  Overlord  
  19  1:52  Drone  
  20  2:03  Drone  
  20  2:05  Queen  
  20  2:07  Queen  
  20  2:08  Zergling x2  
  26  2:11  Zergling x2  
  27  2:18  Metabolic Boost  
  27  2:20  Zergling x2  
  28  2:23  Drone  
  28  2:47  Zergling x4  
  30  2:52  Drone x3  
  33  3:02  Zergling x2  
  33  3:05  Drone x2  
  36  3:06  Hatchery  
  36  3:11  Baneling Nest, Drone  
  35  3:20  Drone  
  35  3:22  Overlord  
  35  3:23  Overlord  
  36  3:53  Overlord x2  
  36  3:56  Drone x10  
  36  3:59  Spore Crawler  
  45  4:03  Baneling x2  
  45  4:09  Drone x2  
  47  4:11  Spore Crawler  
  47  4:14  Evolution Chamber  
  45  4:17  Extractor  
  45  4:18  Drone  
  45  4:20  Drone x2  
  47  4:25  Queen  
  49  4:33  Drone x3  
  49  4:36  Drone x3  
  49  4:37  Extractor  
  54  4:42  Spore Crawler  
  54  4:45  Zergling x8  
  57  4:50  Overlord  
  57  5:10  Queen  
  57  5:13  Zerg Melee Weapons Level 1  
  59  5:14  Lair  
  59  5:17  Overlord x2  
  59  5:20  Zergling x8  
  59  5:21  Zergling x8  
  67  5:26  Baneling x2  
  67  5:47  Drone  
  66  6:04  Hatchery  
  57  6:11  Zergling x2  
  57  6:12  Zergling x22  
  69  6:22  Queen  
  69  6:23  Drone x4  
  69  6:24  Drone x2  
  77  6:35  Drone x3, Hydralisk Den  
  77  6:36  Extractor  
  77  6:38  Drone  
  77  6:39  Drone  
  76  7:14  Hydralisk x3  
  76  7:15  Hydralisk x3  
  88  7:16  Overlord  
  88  7:17  Overlord x3  
  85  7:37  Hydralisk x2  
  85  7:38  Hydralisk x3  
  95  7:46  Drone  
  95  7:47  Drone x12  
  95  7:48  Spine Crawler  
  107  7:55  Drone x4  
  111  8:05  Muscular Augments  
  111  8:10  Overlord x3, Infestation Pit  
  110  8:20  Zerg Melee Weapons Level 2  
  110  8:22  Hydralisk x2  
  110  8:23  Zergling x2  
  110  8:25  Centrifical Hooks  
  110  8:27  Overlord x2  
  115  8:31  Baneling x9  
  115  8:39  Extractor  
  115  8:40  Extractor  
  113  8:45  Drone x4  
  113  8:46  Drone x2  
  119  8:49  Baneling x6  
  119  8:55  Hive  
  119  9:04  Spore Crawler  
  119  9:05  Spine Crawler  
  117  9:12  Overlord  
  117  9:13  Overlord, Hydralisk  
  117  9:14  Hydralisk x2  
  117  9:16  Grooved Spines  
  123  9:17  Hydralisk  
  123  9:18  Hatchery  
  108  9:44  Drone  
  108  9:45  Drone x18  
  123  9:48  Overlord x2, Hydralisk  
  129  10:01  Evolution Chamber  
  129  10:03  Queen  
  129  10:05  Queen  
  132  10:08  Spore Crawler  
  132  10:10  Spine Crawler  
  132  10:11  Spine Crawler  
  126  10:23  Hydralisk  
  126  10:24  Zergling x12  
  126  10:25  Zergling x10  
  139  10:29  Baneling  
  139  10:30  Baneling x7  
  139  10:39  Ultralisk Cavern  
  138  10:43  Drone x4  
  138  10:48  Overlord x2, Hydralisk  
  138  10:49  Hydralisk  
  146  10:50  Zergling x14  
  146  10:56  Spore Crawler  
  152  10:59  Zerg Ground Armor Level 1, Zerg Melee Weapons Level 3  
  152  11:00  Adrenal Glands  
  152  11:01  Zergling x2  
  152  11:02  Zergling x8  
  157  11:04  Overlord  
  157  11:05  Overlord  
  143  11:18  Zergling x12  
  119  11:28  Baneling x15  
  119  11:29  Baneling  
  119  11:31  Zergling x2  
  119  11:32  Zergling x8  
  123  11:41  Ultralisk, Zergling x2  
  123  11:42  Zergling x10  
  128  11:59  Hatchery  
  107  12:09  Drone  
  107  12:10  Drone x10  
  118  12:17  Hatchery  
  118  12:21  Spore Crawler  
  116  12:32  Ultralisk x2  
  116  12:34  Spine Crawler  
  133  12:38  Chitinous Plating  
  127  12:47  Spine Crawler  
  110  13:05  Hydralisk  
  110  13:06  Zergling x2  
  110  13:07  Zergling x26  
  123  13:18  Drone x2  
  123  13:19  Drone x3  
  128  13:21  Overlord  
  128  13:22  Overlord  
  128  13:23  Ultralisk x2, Hydralisk  
  128  13:24  Hydralisk x2  
  146  13:43  Drone x3  
  146  13:46  Spore Crawler  
  139  14:28  Hydralisk x3  
  139  14:30  Zergling x10  
  139  14:31  Zergling x22  
  160  14:42  Hydralisk x3, Zergling x2  
  164  14:51  Zergling x10  
  108  15:00  Zergling x10  
  108  15:05  Zergling x2  
  108  15:06  Zergling x6  
  100  15:08  Hydralisk  
  102  15:14  Zergling x2  
  102  15:15  Zergling x6  
Tags
 
Composition
MMM Bio
League
Diamond
Matchup
TvZ
Spawn Locations
Cross Positions
Add a new tag
Caveats
  • Supply blocks, unpowered buildings, or Contaminate may cause inaccurate times.
  • Supply counts are checked every 10 seconds.